 Dungeon Crawl Stone Soup version 0.23.1 (webtiles) character file.

Game seed: 18146591697284957780

44 Kairos the Sneak (level 3, -3/16 HPs)
             Began as a Vine Stalker Enchanter on Mar 6, 2019.
             Slain by a worm (5 damage)
             ... on level 2 of the Dungeon.
             The game lasted 00:01:37 (1671 turns).

Kairos the Sneak (Vine Stalker Enchanter)           Turns: 1671, Time: 00:01:38

Health: -3/16      AC:  3    Str: 11    XL:     3   Next: 60%
Magic:  0/7        EV: 12    Int: 15    God:
Gold:   120        SH:  0    Dex: 14    Spells: 6/7 levels left

rFire    . . .     SeeInvis .   a - +1 dagger
rCold    . . .     Gourm    .   (no shield)
rNeg     . . .     Faith    .   b - +1 robe
rPois    .         Spirit   +   (no helmet)
rElec    .         Reflect  .   (no cloak)
rCorr    .         Harm     .   (no gloves)
MR       .....                  (no boots)
Stlth    +++.......             (no amulet)
HPRegen  0.05/turn              (no ring)
MPRegen  0.10/turn              (no ring)

@: no status effects
A: fangs 2, magic shield, antimagic bite, no potion heal 3, rot immunity
a: no special abilities


You were on level 2 of the Dungeon.
You were not hungry.

You visited 1 branch of the dungeon, and saw 2 of its levels.

You collected 120 gold pieces.

Inventory:

Hand Weapons
 a - a +1 dagger (weapon)
Armour
 b - a +1 robe (worn)
Scrolls
 c - a scroll of magic mapping {unknown}
 e - 2 scrolls of remove curse
Potions
 f - a potion of curing {unknown}
Comestibles
 d - 3 rations


   Skills:
 + Level 0.2 Fighting
 + Level 1.1 Short Blades
 + Level 1.8 Dodging
 + Level 4.2 Stealth
 + Level 2.5 Spellcasting
 + Level 3.6 Hexes


You had 6 spell levels left.
You knew the following spells:

 Your Spells              Type           Power        Failure   Level  Hunger
a - Corona                Hex            ##.....      4%          1    #......

Your spell library contained the following spells:

 Spells                   Type           Power        Failure   Level  Hunger
 Confuse                  Hex            ##......     14%         3    ###....
 Tukima's Dance           Hex            ##......     14%         3    ###....
 Ensorcelled Hibernation  Hex/Ice        #.....       16%         2    ###....
 Dazzling Spray           Conj/Hex       #.....       30%         3    ###....


Dungeon Overview and Level Annotations

Branches:
Dungeon (2/15)

Altars:
Zin


Innate Abilities, Weirdness & Mutations

You have extremely sharp teeth.
When hurt, damage is shared between your health and your magic reserves.
Your bite disrupts and absorbs the magic of your enemies.
Potions cannot restore your health.
You are immune to rotting.


Message History

You are too injured to fight recklessly!
You hit the worm.
The worm is lightly wounded.
The bat closely misses you. The worm bites you!
* * * LOW HITPOINT WARNING * * *
You hit the worm but do no damage.
The worm is lightly wounded.
The bat hits you but does no damage.
You hit the worm.
The worm is lightly wounded.
The bat hits you.
* * * LOW HITPOINT WARNING * * *
The worm closely misses you.
You completely miss the worm.
The worm is lightly wounded.
The bat barely misses you.
You hit the worm.
The worm is moderately wounded.
The bat closely misses you. The worm bites you!
You die...

#... #####...#.#..# #...
..##........##
####...####.##........#.
............###.#...#.#.
......>........###......
.<......$..###.#.#.#.#.
###........# #>.##.#.#.
##.....b.#### #.......##
#......@.# #####.####
#.....w..# #.#
#..#.....# #.# #.
#.....# #.#### .%.....#
#..... ....##..# ###.##
#.... ...# #.## ##...
.... #.## #.##


You could see a worm and a bat.

Vanquished Creatures
  A worm (D:2)
  2 dart slugs (D:1)
  2 leopard geckos (D:1)
  5 bats (D:1)
  2 giant cockroaches (D:2)
  6 hobgoblins
  3 jackals (D:2)
  3 kobolds
  2 frilled lizards
  A goblin (D:1)
  4 rats
31 creatures vanquished.

Notes
Turn   | Place    | Note
-------+----------+-------------------------------------------
     0 | D:1      | Kairos the Vine Stalker Enchanter began the quest for the
                  | Orb.
     0 | D:1      | Reached XP level 1. HP: 9/9 MP: 4/4
   178 | D:1      | Reached XP level 2. HP: 10/13 MP: 4/6
   284 | D:1      | Reached skill level 4 in Stealth
   334 | D:1      | Reached skill level 1 in Short Blades
   497 | D:1      | Reached XP level 3. HP: 7/16 MP: 7/7
  1310 | D:2      | Found a glowing silver altar of Zin.
  1671 | D:2      | Slain by a worm

Skill      XL: |  1  2 |
---------------+-------+-----
Stealth        | 4 |  4.2
Short Blades   | 1 |  1.1
Fighting       | |  0.2
Dodging        | |  1.8
Spellcasting   | |  2.5
Hexes          | |  3.6

Action                   || total
-------------------------++-------
Melee: Dagger            ||   105
       Bite              ||    23
  Use: Scroll            ||     4
 Stab: Sleeping          ||     3
  Eat: Chunk             ||     2
Armor: Robe              ||    25
Dodge: Dodged            ||    75
